 Dungeon Crawl Stone Soup version 0.32-a0-17-gb74e046 (webtiles) character file.

Game seed: 12626353895409841604

26788 Heartnet the Grappler (level 13, -3/130 HPs)
             Began as a Troll Shapeshifter on Aug 5, 2023.
             Was an Elder of Makhleb.
             Slain by a catoblepas (28 damage)
             ... on level 3 of the Lair of Beasts on Jan 15, 2024.
             The game lasted 01:18:50 (13591 turns).

Heartnet the Grappler (Troll Shapeshifter)         Turns: 13591, Time: 01:18:51

Health: -3/130     AC:  8    Str: 30    XL:     13   Next: 0%
Magic:  17/17      EV: 11    Int:  4    God:    Makhleb [****..]
Gold:   524        SH:  5    Dex: 10    Spells: 12/12 levels left

rFire   . .          .
                       - Unarmed
rCold   . . .        W - orb {mayhem}
rNeg    . . .        R - +0 acid dragon scales
rPois   .            (helmet currently unavailable)
rElec   .            (cloak currently unavailable)
rCorr   +            (gloves unavailable)
SInv    +            (boots unavailable)
Will    .....        v - amulet of reflection
Stlth   +            j - ring of see invisible
HPRegen 1.21/turn    L - ring of wizardry
MPRegen 0.15/turn

%: mayhem, reflection, wizardry (x1)
@: beast-form
A: beast (slay +4), large, unfitting armour, claws 3, regeneration 1, shaggy fur
1, tough skin 1
a: Begin Untransformation, Renounce Religion, Minor Destruction, Lesser Servant
of Makhleb, Major Destruction


You were on level 3 of the Lair of Beasts.
You worshipped Makhleb.
Makhleb was greatly pleased with you.
You were a hulking beast.
You visited 3 branches of the dungeon, and saw 15 of its levels.
You also visited: Sewer, Ossuary and Gauntlet.

You collected 1062 gold pieces.
You spent 538 gold pieces at shops.

Inventory:

Missiles
 q - 28 poisoned darts (quivered)
 I - 2 curare-tipped darts
 N - 7 throwing nets
 O - 7 javelins
 U - 2 large rocks
Armour
 a - a +0 animal skin
 Q - a +0 troll leather armour
 R - +0 acid dragon scales (worn)
 W - an orb of mayhem (worn)
Jewellery
 j - a ring of see invisible (left claw)
 v - an amulet of reflection (around neck)
 L - a ring of wizardry (right claw)
Talismans
 c - a beast talisman (active)
Wands
 e - a wand of roots (28)
 f - a wand of mindburst (14)
 A - a wand of paralysis (13)
 F - a wand of flame (30)
 X - a wand of digging (3)
Scrolls
 g - 3 scrolls of amnesia {unknown}
 h - 4 scrolls of fog
 i - 3 scrolls of summoning
 l - 3 scrolls of immolation
 n - 6 scrolls of poison
 o - 2 scrolls of acquirement
 r - 3 scrolls of noise
 t - 3 scrolls of teleportation
 u - 3 scrolls of enchant weapon
 w - a scroll of revelation {unknown}
 x - 4 scrolls of vulnerability
 y - 2 scrolls of identify
 z - 3 scrolls of blinking
 C - a scroll of torment {unknown}
 G - 2 scrolls of brand weapon
 P - a scroll of silence {unknown}
 S - a scroll of fear {unknown}
 V - 3 scrolls of enchant armour
Potions
 b - 4 potions of lignification
 d - 4 potions of might
 k - 8 potions of curing
 m - 6 potions of brilliance
 p - 2 potions of berserk rage
 s - 2 potions of magic
 B - 3 potions of cancellation
 D - a potion of invisibility
 E - a potion of heal wounds
 H - 5 potions of enlightenment
 J - 2 potions of attraction
 K - a potion of haste
 M - a potion of mutation
 T - 2 potions of resistance


   Skills:
 + Level 8.8 Fighting
 + Level 6.5 Dodging
 + Level 13.0 Unarmed Combat
 + Level 7.3 Invocations
 + Level 10.2 Shapeshifting


You had 12 spell levels left.
You didn't know any spells.
Your spell library contained the following spells:

 Spells                   Type           Power      Damage    Failure   Level
 Freeze                   Ice            0%         1d3       26%         1
 Ensorcelled Hibernation  Hex/Ice        0%         N/A       38%         2
 Static Discharge         Conj/Air       0%         3-3/arc   38%         2
 Sublimation of Blood     Necr           0%         N/A       38%         2
 Frozen Ramparts          Ice            0%         1d1       58%         3
 Fugue of the Fallen      Necr           0%         N/A       58%         3
 Hailstorm                Conj/Ice       0%         3d5       58%         3
 Airstrike                Air            0%         2d(0-16)  92%         4
 Anguish                  Hex/Necr       0%         N/A       92%         4
 Animate Dead             Necr           0%         N/A       92%         4
 Brom's Barrelling Bould  Conj/Erth      0%         2d3       92%         4
 Petrify                  Alch/Erth      0%         N/A       92%         4
 Summon Lightning Spire   Summ/Air       0%         N/A       92%         4
 Vhi's Electric Charge    Tloc/Air       0%         N/A       92%         4
 Arcjolt                  Conj/Air       0%         1d10      99%         5
 Borgnjor's Vile Clutch   Necr/Erth      0%         N/A       99%         5
 Fireball                 Conj/Fire      0%         3d3       99%         5
 Irradiate                Conj/Alch      0%         3d11      99%         5
 Iskenderun's Battlesphe  Conj           0%         2d6       99%         5
 Summon Forest            Summ/Tloc      0%         N/A       99%         5
 Conjure Ball Lightning   Conj/Air       0%         3x3d6     100%        6
 Death Channel            Necr           0%         N/A       100%        6
 Eringya's Noxious Bog    Alch           0%         4d6       100%        6
 Plasma Beam              Fire/Air       0%         2x1d10    100%        6
 Orb of Destruction       Conj           0%         9d5       100%        7
 Summon Hydra             Summ           0%         N/A       100%        7


Dungeon Overview and Level Annotations

Branches:
Dungeon (11/15)            Temple (1/1) D:7            Lair (3/5) D:11
  Swamp (0/4) Lair:2          Orc (0/2) D:9           Sewer (visited)
Ossuary (visited)         Gauntlet (visited)
  Snake: Lair:2-3    Spider: Lair:2-3

Altars:
Ashenzari
Cheibriados
Dithmenos
Elyvilon
Fedhas
Gozag
Hepliaklqana
Kikubaaqudgha
Makhleb
Nemelex Xobeh
Okawaru
Qazlal
Ru
Sif Muna
Trog
Uskayaw
Vehumet
Wu Jian
Xom
Yredelemnul
Zin
The Shining One
Jiyva

Shops:
D:4 (!**   D:11 !

Annotations:
D:4 Natasha
D:10 Lodul
D:11 3 runed translucent doors, Kave's ghost, journeyman TrSh


Innate Abilities, Weirdness & Mutations

You are a hulking beast.
Your limbs bulge with bestial killing power. (Slay +4)
You are too large for most types of armour.
You have claws for hands.
Your natural rate of healing is unusually fast.
You are covered in fur. (AC +1)
You have tough skin. (AC +1)


Message History

The catoblepas is lightly wounded.
You are engulfed in calcifying dust.
You are slowing down.
The catoblepas breathes a plume of calcifying dust at you.
The blast of calcifying dust hits you.
The catoblepas breathes a plume of calcifying dust at you.
The blast of calcifying dust hits you but does no damage.
Your limbs are stiffening.
The catoblepas gores you!
You have turned to stone.
The catoblepas gores you!! The catoblepas gores you!! x2
The catoblepas barely misses you. The catoblepas gores you!!
The catoblepas gores you but does no damage.
The catoblepas gores you! The catoblepas gores you!! The catoblepas gores you!!
* * * LOW HITPOINT WARNING * * *
You turn to flesh and can move again.
Unknown command.
Unknown command.
Unknown command.
You claw the catoblepas!
The catoblepas is lightly wounded.
The catoblepas gores you!!
* * * LOW HITPOINT WARNING * * *
You feel much better. The catoblepas gores you.
* * * LOW HITPOINT WARNING * * *
Unknown command.
You claw the catoblepas!
The catoblepas is moderately wounded.
The catoblepas gores you!!
* * * LOW HITPOINT WARNING * * *
Unknown command.
You feel much better.
The catoblepas breathes in.
The catoblepas gores you.
* * * LOW HITPOINT WARNING * * *
A demon appears!
The catoblepas gores you!!
You die...

..................####......รท....
...........P...#.#.#.####..#.....
...............####.#.###........
.##.#...##.....###.#.###......###
.....#.#.###...#.#..#.###.....##.
..................###............
#.................####.......####
..###............Y##.#....#...#.#
................h................
.###..#.##.##..4....##..###.#.#..
...##.P...##.....#..#...##..####.
................).........)......
#.#P..#...#....##..##.#.P##......
.................................
###.##P###.###.######.####...#.##
# ### # ####.## ### ###.### ###
###


You could see a catoblepas (ally target) and a friendly hellwing (summoned).

Vanquished Creatures
  A fire dragon (Lair:2)
  Harold (Lair:2)
  2 centaur warriors (D:10)
  7 two-headed ogres
  Pikel (D:5)
  A cyclops (D:11)
  2 gargoyles
  3 black mambas (Lair:1)
  2 cane toads (Lair:1)
  3 komodo dragons
  A rime drake (Lair:3)
  An unseen horror (D:11)
  Psyche (D:9)
  3 trolls
  2 polar bears (Lair:1)
  3 hornets
  5 blink frogs (Lair:2)
  2 shadows
  2 wraiths (D:11)
  22 yaks
  6 wyverns
  A human (shapeshifter) (D:10)
  A basilisk (Lair:2)
  A steam dragon (D:7)
  3 vampire mosquitoes
  2 nagas (Lair:3)
  2 acid dragons (D:9)
  4 water moccasins
  8 orc warriors
  A sky beast (D:7)
  Pargi (Sewer)
  2 ice beasts
  8 ogres
  4 wolves (Lair:3)
  7 centaurs
  2 lemures (D:5)
  A phantom (D:7)
  2 kobold brigands (D:8)
  8 bullfrogs
  3 gnoll sergeants (D:9)
  9 scorpions
  12 wights
  3 killer bees
  3 howler monkeys (D:10)
  3 hounds
  4 centaur zombies (Ossuary)
  5 human zombies (Ossuary)
  7 orc priests
  A jelly (D:8)
  A gnoll bouda (D:6)
  4 iguanas
  A sleepcap (D:6)
  Ijyb (D:5)
  Natasha (twice) (D:4)
  3 scorpion zombies (Ossuary)
  8 orc wizards
  2 hell rats (Lair:3)
  4 mummies
  23 gnolls
  9 adders
  A white imp (D:4)
  6 ufetubi (D:6)
  An adder zombie (Ossuary)
  2 ribbon worms
  31 orcs
  7 ball pythons
  5 endoplasms
  A giant cockroach (D:3)
  3 gnoll zombies (Ossuary)
  12 goblins
  4 hobgoblins
  9 jackals
  4 quokkas
  2 ball python zombies (Ossuary)
  7 bats
  2 frilled lizards
  A goblin zombie (D:4)
  2 jackal zombies (Ossuary)
  14 kobolds
  2 orc zombies
  8 rats
361 creatures vanquished.

Vanquished Creatures (collateral kills)
  2 yaks (Lair:3)
2 creatures vanquished.

Vanquished Creatures (others)
  A vampire mosquito (D:11)
1 creature vanquished.

Grand Total: 364 creatures vanquished

Notes
Turn   | Place    | Note
-------+----------+-------------------------------------------
     0 | D:1      | Heartnet the Troll Shapeshifter began the quest for the
                  | Orb.
     0 | D:1      | Reached XP level 1. HP: 18/18 MP: 0/0
     0 | D:1      | Upgraded the game from 0.31-a0-466-g98c9adc to
                  | 0.31-a0-1626-g5cb510d
    34 | D:1      | Reached skill level 1 in Fighting
    34 | D:1      | Reached XP level 2. HP: 25/27 MP: 1/1
   451 | D:1      | Reached XP level 3. HP: 33/33 MP: 2/2
  1211 | D:2      | Reached skill level 4 in Unarmed Combat
  1632 | D:3      | Reached XP level 4. HP: 41/41 MP: 3/3
  2117 | D:3      | Reached XP level 5. HP: 49/49 MP: 4/4
  2210 | D:4      | Found Riciaphi's General Store.
  2266 | D:4      | Reached skill level 5 in Unarmed Combat
  2424 | D:4      | Found a sand-covered staircase.
  2428 | D:4      | Reached XP level 6. HP: 59/59 MP: 5/5
  2430 | Ossuary  | Entered an ossuary
  2545 | Ossuary  | Reached skill level 6 in Unarmed Combat
  2548 | Ossuary  | Reached XP level 7. HP: 52/67 MP: 6/6
  2655 | Ossuary  | Reached skill level 5 in Shapeshifting
  2685 | Ossuary  | Reached skill level 7 in Unarmed Combat
  2735 | Ossuary  | Reached XP level 8. HP: 78/78 MP: 7/7
  2926 | D:4      | Found Tiwuger's Distillery.
  2934 | D:4      | Bought a potion of heal wounds for 55 gold pieces
  2950 | D:4      | Bought a scroll of identify for 22 gold pieces
  2950 | D:4      | Bought a scroll of teleportation for 33 gold pieces
  2967 | D:4      | Found Sithrys's General Store.
  2977 | D:4      | Bought a scroll of identify for 20 gold pieces
  3034 | D:4      | Noticed Natasha
  3041 | D:4      | Killed Natasha
  3067 | D:4      | Found Geofitut's Weapon Boutique.
  3141 | D:4      | Noticed Natasha
  3307 | D:4      | Killed Natasha
  3373 | D:4      | Noticed Natasha
  3374 | D:5      | Entered Level 5 of the Dungeon
  3535 | D:5      | Noticed Pikel
  3538 | D:5      | Killed Pikel
  3539 | D:5      | Reached skill level 8 in Unarmed Combat
  3716 | D:5      | Found a sacrificial altar of Ru.
  3871 | D:5      | Found a glowing drain.
  3876 | D:5      | Noticed Ijyb
  3883 | Sewer    | Entered a sewer
  3953 | Sewer    | Noticed Pargi
  3960 | Sewer    | Killed Pargi
  3961 | Sewer    | Reached skill level 9 in Unarmed Combat
  3961 | Sewer    | Reached XP level 9. HP: 82/87 MP: 8/8
  4110 | D:5      | Killed Ijyb
  4321 | D:6      | Reached skill level 5 in Fighting
  4487 | D:6      | Identified the +1 leather armour of Words of Power {Dex+5
                  | Slay+2}
  5069 | D:7      | Upgraded the game from 0.31-a0-1626-g5cb510d to
                  | 0.31-a0-1627-g952d896
  5296 | D:7      | Reached skill level 10 in Unarmed Combat
  5459 | D:7      | Found a staircase to the Ecumenical Temple.
  5466 | Temple   | Entered the Ecumenical Temple
  5528 | Temple   | Became a worshipper of Makhleb the Destroyer
  5859 | D:7      | Reached skill level 1 in Invocations
  6208 | D:8      | Reached XP level 10. HP: 98/98 MP: 10/10
  6273 | D:8      | Upgraded the game from 0.31-a0-1627-g952d896 to
                  | 0.32-a0-17-gb74e046
  6284 | D:8      | Found a radiant altar of Vehumet.
  6414 | D:8      | Found a hide-covered altar of Uskayaw.
  6505 | D:8      | Reached * piety under Makhleb
  7014 | D:9      | Reached skill level 11 in Unarmed Combat
  7108 | D:9      | Paralysed by a hornet for 2 turns
  7247 | D:9      | Found a staircase to the Orcish Mines.
  7250 | D:9      | Reached ** piety under Makhleb
  7537 | D:9      | Noticed a two-headed ogre
  7538 | D:9      | Noticed Psyche
  7540 | D:9      | Killed a two-headed ogre
  7541 | D:9      | Reached XP level 11. HP: 99/107 MP: 13/13
  7549 | D:9      | Killed Psyche
  7775 | D:9      | Noticed a two-headed ogre
  7783 | D:9      | Killed a two-headed ogre
  8277 | D:10     | Entered Level 10 of the Dungeon
  8280 | D:10     | Noticed a two-headed ogre
  8284 | D:10     | Noticed a centaur warrior
  8405 | D:10     | Noticed a two-headed ogre
  8410 | D:10     | Killed a two-headed ogre
  8453 | D:10     | Noticed a centaur warrior
  8607 | D:10     | Killed a centaur warrior
  8608 | D:10     | Reached skill level 5 in Invocations
  8819 | D:10     | Killed a centaur warrior
  8819 | D:10     | Reached *** piety under Makhleb
  8980 | D:10     | Killed a two-headed ogre
  8981 | D:10     | Reached skill level 12 in Unarmed Combat
  9117 | D:10     | Noticed a two-headed ogre
  9126 | D:10     | Killed a two-headed ogre
  9127 | D:10     | Reached skill level 5 in Dodging
  9197 | D:10     | Noticed Lodul
  9427 | D:10     | Found an opulent altar of Gozag.
  9819 | D:11     | Reached XP level 12. HP: 106/119 MP: 15/15
  9874 | D:11     | Found Apping's Distillery.
  9882 | D:11     | Bought a potion of heal wounds for 85 gold pieces
  9882 | D:11     | Bought a potion of might for 68 gold pieces
  9882 | D:11     | Bought a potion of heal wounds for 85 gold pieces
  9882 | D:11     | Bought a potion of resistance for 170 gold pieces
  9906 | D:11     | Noticed a two-headed ogre
  9930 | D:11     | Killed a two-headed ogre
 10029 | D:11     | Found an ornate altar of the Wu Jian Council.
 10119 | D:11     | Noticed a two-headed ogre
 10127 | D:11     | Killed a two-headed ogre
 10186 | D:11     | Found a runed translucent gate.
 10186 | D:11     | Found a runed translucent gate.
 10186 | D:11     | Found a runed translucent gate.
 10188 | D:11     | Noticed Kave's ghost (journeyman TrSh)
 10258 | D:11     | Found a staircase to the Lair.
 10352 | D:11     | Found a viscous altar of Jiyva.
 10378 | Lair:1   | Entered Level 1 of the Lair of Beasts
 10393 | Lair:1   | Identified 2 scrolls of acquirement
 10581 | Lair:1   | Reached **** piety under Makhleb
 10746 | Lair:1   | Found a gate leading to a gauntlet.
 10763 | Gauntlet | Entered a Gauntlet
 10763 | Gauntlet | Found a transporter.
 10773 | Gauntlet | Found a transporter.
 10776 | Gauntlet | Found a transporter.
 10777 | Gauntlet | Found a transporter.
 10786 | Gauntlet | Found a transporter.
 10788 | Gauntlet | Found a transporter.
 10789 | Gauntlet | Found a transporter.
 10798 | Gauntlet | Found a transporter.
 10801 | Gauntlet | Found a transporter.
 10802 | Gauntlet | Found a transporter.
 10804 | Gauntlet | Noticed a death scarab
 10806 | Gauntlet | Noticed a minotaur
 10809 | Gauntlet | Noticed a death scarab
 10810 | Gauntlet | Found a transporter.
 10813 | Gauntlet | Found a transporter.
 10814 | Gauntlet | Found a transporter.
 10830 | Gauntlet | Found a transporter.
 12130 | Lair:2   | Reached skill level 10 in Shapeshifting
 12260 | Lair:2   | Found a staircase to the Swamp.
 12417 | Lair:2   | Noticed Harold
 12427 | Lair:2   | Killed Harold
 12664 | Lair:2   | Noticed a fire dragon
 12705 | Lair:2   | Killed a fire dragon
 13237 | Lair:3   | Reached skill level 13 in Unarmed Combat
 13527 | Lair:3   | Reached XP level 13. HP: 130/130 MP: 17/17
 13587 | Lair:3   | HP: 6/130 [catoblepas (28)]
 13591 | Lair:3   | Slain by a catoblepas

Illustrated notes

Levels and vault maps discovered:
D:1:      minmay_arrival_wavy_path, layout_basic, serial_forest,
          infiniplex_forest_end_1, infiniplex_forest_end_1,
          infiniplex_forest_zigzag_1, infiniplex_forest_clump_tiny,
          infiniplex_forest_corner_1, minmay_cut_off
D:2:      layout_loops_cross
D:3:      layout_rooms
D:4:      layout_gridville, serial_shops, shop, shop, nicolae_square_shop, shop,
          nicolae_ossuary_entry_giza, sigmund_army, uniq_natasha
D:5:      layout_basic, mainiacjoe_overflow_alcove_2, portal_sewer_entry_a,
          uniq_ijyb, uniq_pikel
D:6:      layout_loops_ring
D:7:      layout_loops_corners, minmay_temple_entry_arrows
D:8:      minmay_distorted_concentric_squares, layout_cave_pools,
          mainiacjoe_overflow_paths, lemuel_tele_altar
D:9:      minmay_octagon_keep, layout_gridville,
          kennysheep_orc_monster_closet_entryway, uniq_psyche
D:10:     kennysheep_blocky_hall, layout_long_grid, lemuel_doored_altar,
          minmay_fractal_squares_diagonal_5, uniq_lodul
D:11:     layout_rooms, lair_entry_dummy, serial_shops,
          nicolae_shop_pleasant_corner_grove, gammafunk_ghost_ooze,
          nzn_wu_jian_contemplation
Temple:   nicolae_temple_no_exploring_needed
Lair:1:   layout_cave_pods, gauntlet_entry_generic,
          chequers_serial_rivers_marsh, chequers_serial_rivers_micro_b
Lair:2:   dragon1_lemuel, layout_long_grid, swamp_mist, uniq_harold
Lair:3:   layout_long_grid, alex1729_snake_entry_snake, minivault_24,
          pf_torpor_hydra

Skill      XL: |  1  2  3  4  5  6  7  8  9 10 11 12 |
---------------+-------------------------------------+-----
Fighting       | 1 2 3 4 5 6 7 8 |  8.8
Unarmed Combat | 4 5 6 7 9 10 11 12 13 | 13.0
Shapeshifting  | 4 5 6 7 8 9 10 | 10.2
Invocations    | 1 4 5 7 |  7.3
Dodging        | 3 5 6 |  6.5

Action                     |  1- 3 |  4- 6 |  7- 9 | 10-12 | 13-15 || total
---------------------------+-------+-------+-------+-------+-------++-------
  Melee: Unarmed           |    88 |   142 |   247 |   433 |     7 ||   917
         Punch             |     1 |     3 |    14 |    20 |       ||    38
  Throw: Dart              |       |       |     5 |    78 |       ||    83
         Javelin           |       |       |       |     7 |       ||     7
         Throwing net      |       |       |       |     3 |       ||     3
 Invoke: Minor Destruction |       |       |       |     2 |       ||     2
         Lesser Servant of |       |       |       |     2 |     1 ||     3
  Evoke: Wand              |       |       |       |     2 |       ||     2
    Use: Scroll            |       |     5 |     4 |    18 |       ||    27
         Potion            |       |       |       |     5 |     2 ||     7
   Stab: Sleeping          |       |       |     1 |       |       ||     1
 Armour: Animal skin       |    69 |    98 |   136 |    35 |       ||   338
         Acid dragon scale |       |       |       |   285 |    21 ||   306
         Troll leather arm |       |       |       |     5 |       ||     5
  Dodge: Dodged            |    26 |    57 |    82 |   190 |     2 ||   357
  Block: Other             |       |    19 |    54 |    45 |       ||   118
         Reflection        |       |     1 |     2 |     8 |       ||    11
   Form: Beast             |     2 |       |       |       |       ||     2
                           |     1 |       |       |       |       ||     1

Table legend: (Time is in decaauts)
 A = Elapsed time spent in this place.
 B = Non-inter-level travel time spent in this place.
 C = Inter-level travel time spent in this place.
 D = Time resting spent in this place.
 E = Time spent auto-exploring this place.
 F = Levels seen in this place.
 G = Mean time per level.
                   A        B        C        D        E       F      G
               +--------+--------+--------+--------+--------+-----+--------+
         Total |  13470 |  12686 |    784 |    823 |   8738 |  18 |  748.3 |
       Dungeon |   9697 |   8972 |    725 |    537 |   6278 |  11 |  881.5 |
        Temple |     69 |     45 |     24 |      0 |      0 |   1 |   69.0 |
          Lair |   2985 |   2950 |     35 |    268 |   2152 |   3 |  995.0 |
         Sewer |    136 |    136 |      0 |      0 |     67 |   1 |  136.0 |
       Ossuary |    390 |    390 |      0 |     18 |    121 |   1 |  390.0 |
      Gauntlet |    190 |    190 |      0 |      0 |    120 |   1 |  190.0 |
               +--------+--------+--------+--------+--------+-----+--------+

Top non-repeatable levels by time:
     D:9: 1552 daAuts
  Lair:2: 1546 daAuts
    D:10: 1235 daAuts
     D:7: 1169 daAuts
  Lair:1: 990 daAuts
     D:1: 958 daAuts
     D:8: 783 daAuts
     D:5: 775 daAuts
     D:4: 708 daAuts
     D:2: 702 daAuts
     D:6: 622 daAuts
    D:11: 600 daAuts
     D:3: 590 daAuts
  Lair:3: 449 daAuts
 Ossuary: 390 daAuts
